 Dungeon Crawl Stone Soup version 0.18.1-48-g4cf74bf (webtiles) character file.

140403 ker the Destroyer (level 17, -15/146 HPs)
             Began as a Naga Wizard on June 23, 2016.
             Was a High Priest of Vehumet.
             Demolished by a glaive of chopping (34 damage)
             ... on level 2 of the Elven Halls on June 29, 2016.
             The game lasted 04:50:51 (40326 turns).

ker the Destroyer (Naga Wizard)                    Turns: 40326, Time: 04:50:52

Health: -15/146    AC: 12    Str: 12    XL:     17   Next: 30%
Magic:  21/34      EV: 15    Int: 37    God:    Vehumet [*****.]
Gold:   2599       SH:  0    Dex:  8    Spells: 13 memorised, 2 levels left

rFire  . . .     SeeInvis +     j - +3 morningstar "Nithym" {crush, rC+ Int+4 Dex-3 Stlth+} (curse)
rCold  + . .     Gourm    .     k - +4 robe of the Untouchables {MR++ Int+4 Slay-3 Stlth+}
rNeg   + + .     Faith    .     (no shield)
rPois  +         Spirit   .     v - +0 hat {Int+3}
rElec  .         Dismiss  .     b - +0 cloak
rCorr  .         Reflect  .     u - +0 pair of gloves
SustAt +         Harm     .     (no barding)
MR     ++++.                    (no amulet)
Stlth  ++++++....               D - +3 ring of evasion
                                m - ring of Mafuezek {SustAt *Corrode rN++ Str+2 Int+2}

@: exhausted, slowed, very slow, incredibly resistant to hostile enchantments,
very stealthy
A: see invisible, deformed body, poison resistance, slowness 2, slow metabolism
1, spit poison 2, constrict 1, AC +5
a: Spit Poison, Renounce Religion


You were on level 2 of the Elven Halls.
You worshipped Vehumet.
Vehumet was extremely pleased with you.
You were hungry.

You visited 5 branches of the dungeon, and saw 24 of its levels.
You visited 1 bazaar.
You also visited: Bailey.

You collected 2954 gold pieces.
You spent 355 gold pieces at shops.

Inventory:

Hand Weapons
 j - the cursed +3 morningstar "Nithym" (weapon) {crush, rC+ Int+4 Dex-3 Stlth+}
   (You found it on level 5 of the Lair of Beasts)

   It inflicts extra damage upon your enemies.
   It affects your intelligence (+4).
   It affects your dexterity (-3).
   It protects you from cold.
   It makes you more stealthy.
   It has a curse placed upon it.
 K - a +1 quarterstaff of pain
 P - the +9 halberd "Xiateh" {freeze, Str+3 Stlth+}
   (You took it off an orc warrior on level 12 of the Dungeon)

   It has been specially enchanted to freeze those struck by it, causing extra
   injury to most foes and up to half again as much damage against particularly
   susceptible opponents.
   It can also slow down cold-blooded creatures.
   It affects your strength (+3).
   It makes you more stealthy.
Armour
 b - a +0 cloak (worn)
 k - the +4 robe of the Untouchables (worn) {MR++ Int+4 Slay-3 Stlth+}
   (You found it on level 4 of the Dungeon)

   It affects your intelligence (+4).
   It affects your accuracy and damage with ranged weapons and melee attacks
   (-3).
   It affects your resistance to hostile enchantments.
   It makes you more stealthy.
 s - a +3 leather armour
 u - a +0 pair of gloves (worn)
 v - a +0 hat of intelligence (worn)
 y - a +2 robe of cold resistance
 J - a +2 buckler
Magical Staves
 N - an uncursed staff of poison {unknown}
Jewellery
 m - the ring of Mafuezek (left hand) {SustAt *Corrode rN++ Str+2 Int+2}
   (You found it on level 4 of the Lair of Beasts)

   [ring of sustain attributes]

   It sustains your strength, intelligence and dexterity.
   It affects your strength (+2).
   It affects your intelligence (+2).
   It greatly protects you from negative energy.
   It may corrode you when you take damage.
 D - a +3 ring of evasion (right hand)
 G - an uncursed ring of resist corrosion
 T - an uncursed ring of stealth
 V - an uncursed ring of protection from cold
Wands
 a - a wand of slowing (17/48)
 n - a wand of polymorph (9/24)
 o - a wand of iceblast (0/15)
 I - a wand of iceblast (8/15)
 M - a wand of digging (12/24)
Scrolls
 e - 7 scrolls of identify
 g - 4 scrolls of remove curse
 h - 5 scrolls of fog
 p - 2 scrolls of recharging
 E - a scroll of magic mapping
 Q - a scroll of enchant armour
Potions
 f - 2 potions of agility
 i - a potion of might
 l - a potion of magic
 q - 2 potions of ambrosia
 t - 3 potions of flight
 w - a potion of beneficial mutation {unknown}
 x - 2 potions of cancellation
 F - a potion of resistance
 Y - a potion of curing
Books
 c - a book of Minor Magic

   Spells                             Type                      Level
   a - Magic Dart                     Conjuration                  1
   b - Blink                          Translocation                2
   c - Call Imp                       Summoning                    2
   d - Repel Missiles                 Charms/Air                   2
   e - Slow                           Hexes                        2
   f - Conjure Flame                  Conjuration/Fire             3
   g - Mephitic Cloud                 Conjuration/Poison/Air       3
 B - a book of Spatial Translocations

   Spells                             Type                      Level
   a - Apportation                    Translocation                1
   b - Blink                          Translocation                2
   c - Shroud of Golubria             Charms/Translocation         2
   d - Portal Projectile              Translocation                3
   e - Teleport Other                 Translocation                3
   f - Passage of Golubria            Translocation                4
 C - a book of Clouds

   Spells                             Type                      Level
   a - Mephitic Cloud                 Conjuration/Poison/Air       3
   b - Conjure Flame                  Conjuration/Fire             3
   c - Poisonous Cloud                Conjuration/Poison/Air       6
   d - Freezing Cloud                 Conjuration/Ice/Air          6
   e - Ring of Flames                 Charms/Fire                  7
 H - a book of Alchemy

   Spells                             Type                      Level
   a - Sublimation of Blood           Necromancy                   2
   b - Ignite Poison                  Fire/Transmutation/Poison    3
   c - Petrify                        Transmutation/Earth          4
   d - Alistair's Intoxication        Transmutation/Poison         5
   e - Irradiate                      Conjuration/Transmutation    5
 O - a book of the Dragon

   Spells                             Type                      Level
   a - Flame Tongue                   Conjuration/Fire             1
   b - Cause Fear                     Hexes                        4
   c - Bolt of Fire                   Conjuration/Fire             6
   d - Dragon Form                    Transmutation                7
   e - Dragon's Call                  Summoning                    9
 S - the Catalogue of Confrontation
   (You found it on level 1 of the Lair of Beasts)

   Spells                             Type                      Level
   a - Throw Flame                    Conjuration/Fire             2
   b - Dazzling Spray                 Conjuration/Hexes            3
   c - Sticky Flame                   Conjuration/Fire             4
   d - Fireball                       Conjuration/Fire             5
   e - Bolt of Fire                   Conjuration/Fire             6
 W - a book of the Sky

   Spells                             Type                      Level
   a - Summon Lightning Spire         Summoning/Air                4
   b - Airstrike                      Air                          4
   c - Silence                        Hexes/Air                    5
   d - Deflect Missiles               Charms/Air                   6
   e - Conjure Ball Lightning         Conjuration/Air              6
   f - Tornado                        Air                          9
Miscellaneous
 r - a phial of floods
 L - a phantom mirror
 Z - a crystal ball of energy
Comestibles
 d - 11 bread rations
 z - 2 royal jellies
 A - 2 meat rations


   Skills:
 + Level 8.2 Fighting
 + Level 8.9 Dodging
 - Level 8.5 Stealth
 + Level 0.5 Shields
 * Level 13.8 Spellcasting
 * Level 13.8 Conjurations
 + Level 7.2 Charms
   Level 1.0 Summonings
 - Level 3.8 Necromancy
 - Level 2.0 Translocations
 + Level 9.2 Fire Magic
 + Level 3.0 Ice Magic
 * Level 9.1 Air Magic
 - Level 7.0 Poison Magic
 * Level 9.2 Evocations


You had 2 spell levels left.
You knew the following spells:

 Your Spells              Type           Power        Failure   Level  Hunger
a - Shroud of Golubria    Chrm/Tloc      ######....   1%          2    None
b - Blink                 Tloc           N/A          1%          2    None
c - Fireball              Conj/Fire      #######...   1%          5    None
d - Bolt of Fire          Conj/Fire      #######...   1%          6    ##.....
e - Conjure Flame         Conj/Fire      #######.     1%          3    None
f - Teleport Other        Tloc           #####...     1%          3    None
g - Mephitic Cloud        Conj/Pois/Air  #######.     1%          3    None
h - Sublimation of Blood  Necr           ######....   1%          2    None
i - Freezing Cloud        Conj/Ice/Air   ######....   2%          6    ##.....
j - Airstrike             Air            #######...   1%          4    None
s - Repel Missiles        Chrm/Air       ######       1%          2    None
x - Searing Ray           Conj           ######       0%          2    None
z - Magic Dart            Conj           ####         0%          1    None


Dungeon Overview and Level Annotations

Branches:
Dungeon (12/15)            Temple (1/1) D:6            Lair (7/8) D:8
 Shoals (0/4) Lair:4        Snake (0/4) Lair:6        Slime (0/6) Lair:6
    Orc (2/2) D:11            Elf (2/3) Orc:2

Altars:
Ashenzari
Cheibriados
Dithmenos
Elyvilon
Fedhas
Gozag
Kikubaaqudgha
Makhleb
Nemelex Xobeh
Pakellas
Qazlal
Ru
Sif Muna
Trog
Vehumet
Xom
Yredelemnul
Zin
The Shining One

Shops:
D:8 %   Orc:2 *=*}(

Annotations:
Lair:3 ghosg, baghtru's ghost, journeyman HOFi


Innate Abilities, Weirdness & Mutations

You cannot wear boots.
Your serpentine skin is tough (AC +5).
You have supernaturally acute eyesight.
Armour fits poorly on your strangely shaped body.
Your system is resistant to poisons.
You cover ground very slowly.
You have a slow metabolism.
You can spit poison.
You can use your snake-like lower body to constrict enemies.


Message History

The bolt of lightning hits you!
* * * LOW HITPOINT WARNING * * *
Casting: Bolt of Fire
Confirm with . or Enter, or press ? or * to list all spells.
Okay, then.
Drink which item? (? for menu, Esc to quit)
It was a potion of berserk rage.
A red film seems to cover your vision as you go berserk!
You feel yourself moving faster!
You feel mighty!
You feel a strong urge to attack something.
The deep elf mage casts a spell.
You feel your anger subside.
You are no longer berserk.
You are exhausted.
You feel yourself slow down.
You are feeling hungry.
The deep elf mage casts a spell at you. The bolt of cold hits you! You resist.
* * * LOW HITPOINT WARNING * * *
The glaive of chopping hits you from afar!!
You die...

.................................
.................................
........#...................#....
..)....# #.................## ...
....).## ##......Y........## ##..
.......###...).).ee........###...
........#.........(.........#....
..............).Y.Y...........(Y(
##...##...##....@###)....##...##.
##.####.####...''#)'.).####.####
### ### #####)))##### ###
#################'('#############
...............#..(..#...........
.............#.#.....#.#.........
...............#.....#......)....
.............#.###(###.#.........
...............#...(.#.(.(....)..


You could see 2 deep elf magi, 3 ice beasts and a glaive of chopping.

Vanquished Creatures
  Gastronok (D:9)
  A deep elf sorcerer (Elf:2)
  Maud (Orc:2)
  2 deep elf elementalists (Elf:1)
  Louise (Elf:1)
  A deep elf demonologist (Elf:2)
  A deep elf death mage (Elf:2)
  A deep elf high priest (Elf:1)
  8 hydras
  A queen ant (Lair:7)
  Erica (Lair:2)
  16 dancing weapons
  6 death yaks
  5 orc high priests
  Nergalle (Lair:3)
  16 deep elf knights
  18 deep elf archers
  The ghost of lepiPlod666 the Slicer, a novice VSCK of Xom (Bailey)
  4 hill giants
  An ugly thing (D:11)
  65 deep elf magi
  4 orc sorcerers
  6 orc knights
  A griffon (Lair:4)
  A cyclops (D:11)
  2 manticores
  A centaur zombie (D:12)
  A salamander (shapeshifter) (Elf:1)
  Joseph (D:9)
  11 elephants
  18 black mambas
  A gargoyle (D:11)
  16 spiny frogs
  6 rime drakes
  5 komodo dragons
  2 trolls
  A polar bear (Lair:2)
  A boulder beetle (Lair:7)
  A snapping turtle (shapeshifter) (Elf:2)
  3 two-headed ogres
  32 blink frogs
  Sigmund (D:5)
  2 spriggans
  2 air elementals (Elf:2)
  3 fire elementals (Elf:2)
  4 water elementals (Elf:1)
  3 wyverns
  3 basilisks
  21 yaks
  13 hippogriffs
  Grum (D:8)
  A golden eye (shapeshifter) (Elf:1)
  3 hungry ghosts
  A mottled dragon (Lair:5)
  A steam dragon (Lair:5)
  3 wargs
  8 soldier ants (Lair:7)
  17 water moccasins
  15 porcupines
  A hell hound (D:8)
  39 orc warriors
  An ice beast (Lair:1)
  A swamp drake (Lair:5)
  3 sky beasts
  2 black bears
  A wasp (D:12)
  13 wolves
  8 centaurs
  8 ogres
  3 phantoms
  10 crocodiles
  2 big kobolds (D:11)
  Blork the orc (D:6)
  A wyvern zombie (D:11)
  30 giant frogs
  9 gnoll sergeants
  2 earth elementals (Elf:1)
  3 scorpions
  2 wyvern skeletons
  14 killer bees
  8 wights
  3 howler monkeys
  5 crimson imps
  4 giant frog zombies
  5 jellies
  7 hounds
  6 gnoll shamans (Bailey)
  19 orc priests
  A centaur skeleton (D:10)
  8 giant frog skeletons
  10 iguanas
  27 worker ants
  Natasha (thrice) (D:3)
  44 orc wizards
  A killer bee zombie (D:5)
  6 sheep (Lair:3)
  A hound zombie (D:6)
  3 hound skeletons
  A howler monkey zombie (D:5)
  2 worker ant zombies
  22 gnolls
  17 adders
  50 river rats
  3 shadow imps
  An adder zombie (D:10)
  An ooze (D:2)
  3 worms
  2 dart slugs (D:2)
  2 giant geckos
  102 orcs
  5 giant cockroaches
  6 hobgoblins
  7 jackals
  10 kobolds
  2 quokkas
  3 ball pythons
  4 bats
  6 giant newts
  9 goblins
  A jackal skeleton (D:7)
  A quokka zombie (D:6)
  11 rats
  3 bushes
  2 fungi (Lair:3)
  A plant (Lair:5)
960 creatures vanquished.

Vanquished Creatures (others)
  A death yak (Lair:7)
  A water elemental (Elf:2)
  An orc priest (Orc:2)
  A worker ant (Lair:7)
  2 bushes
  27 fungi
  21 plants
54 creatures vanquished.

Grand Total: 1014 creatures vanquished

Notes
Turn   | Place    | Note
--------------------------------------------------------------
     0 | D:1      | ker the Naga Wizard began the quest for the Orb.
     0 | D:1      | Reached XP level 1. HP: 15/15 MP: 4/4
   185 | D:1      | Reached XP level 2. HP: 22/22 MP: 0/6
   667 | D:2      | Reached XP level 3. HP: 25/28 MP: 1/8
  1405 | D:2      | Reached XP level 4. HP: 32/36 MP: 1/10
  1731 | D:3      | Learned a level 2 spell: Blink
  1735 | D:3      | Learned a level 3 spell: Mephitic Cloud
  1739 | D:3      | Learned a level 3 spell: Conjure Flame
  1794 | D:3      | Noticed Natasha
  1802 | D:3      | Killed Natasha
  1802 | D:3      | Reached XP level 5. HP: 43/43 MP: 4/11
  2044 | D:2      | Found a white marble altar of Elyvilon.
  2243 | D:3      | Noticed Natasha
  2248 | D:3      | Killed Natasha
  2373 | D:3      | Noticed Natasha
  2381 | D:3      | Killed Natasha
  2558 | D:4      | Reached skill level 1 in Fighting
  2558 | D:4      | Reached XP level 6. HP: 32/51 MP: 2/12
  2895 | D:4      | Noticed a phantom
  2913 | D:4      | Killed a phantom
  2913 | D:4      | Reached skill level 5 in Spellcasting
  2913 | D:4      | Reached XP level 7. HP: 57/57 MP: 2/14
  3385 | D:4      | Got a brightly glowing robe
  3396 | D:4      | Identified the +4 robe of the Untouchables {MR++ Int+4 Slay-3 Stlth+} (You found it on level 4 of the Dungeon)
  3828 | D:5      | Entered Level 5 of the Dungeon
  3850 | D:5      | Reached skill level 5 in Stealth
  4233 | D:5      | Reached XP level 8. HP: 68/68 MP: 4/16
  4395 | D:5      | Noticed Sigmund
  4943 | D:5      | Killed Sigmund
  4943 | D:5      | Reached skill level 5 in Conjurations
  5460 | D:6      | Noticed Blork the orc
  5799 | D:6      | Killed Blork the orc
  5799 | D:6      | Reached XP level 9. HP: 76/76 MP: 9/18
  6617 | D:6      | Learned a level 2 spell: Shroud of Golubria
  6657 | D:6      | Found a staircase to the Ecumenical Temple.
  6668 | Temple   | Entered the Ecumenical Temple
  6755 | Temple   | Became a worshipper of Vehumet
  7267 | D:7      | Reached skill level 1 in Poison Magic
  7359 | D:7      | Learned a level 2 spell: Repel Missiles
  7675 | D:8      | Found a staircase to the Lair.
  7683 | Lair:1   | Entered Level 1 of the Lair of Beasts
  7920 | Lair:1   | Noticed a komodo dragon
  7943 | Lair:1   | Killed a komodo dragon
  8175 | Lair:1   | Reached XP level 10. HP: 62/87 MP: 5/21
  8263 | Lair:1   | Reached * piety under Vehumet
  8263 | Lair:1   | Offered knowledge of Freeze by Vehumet.
  8412 | Lair:1   | Noticed a black mamba
  8808 | Lair:2   | Reached skill level 5 in Fighting
  8909 | Lair:2   | Reached skill level 5 in Dodging
  8945 | Lair:2   | Noticed an elephant
  9346 | Lair:2   | Noticed Erica
  9361 | Lair:2   | Killed Erica
  9394 | Lair:2   | Offered knowledge of Shock by Vehumet.
  9418 | Lair:2   | Reached ** piety under Vehumet
  9768 | Lair:1   | Noticed a spiny frog
  9829 | Lair:2   | Reached XP level 11. HP: 87/97 MP: 9/24
 10285 | Lair:2   | Learned a level 3 spell: Ignite Poison
 10314 | Lair:2   | HP: 2/97 [spiny frog (25)]
 11405 | Lair:1   | Learned a level 3 spell: Teleport Other
 11637 | D:8      | Reached skill level 1 in Fire Magic
 11841 | D:8      | Got a creamy pearl robe
 11896 | D:8      | Noticed Grum
 12009 | D:8      | Found a stormy altar of Qazlal.
 12085 | D:8      | Found Aqaunge's Food Shop.
 12100 | D:8      | Identified the +2 robe of Theory {rF- rC+ SInv} (You found it on level 8 of the Dungeon)
 12400 | D:8      | Killed Grum
 12400 | D:8      | Offered knowledge of Searing Ray by Vehumet.
 12404 | D:8      | Learned a level 2 spell: Searing Ray
 12624 | D:9      | Noticed Gastronok
 12705 | D:9      | Noticed Joseph
 12853 | D:9      | Reached *** piety under Vehumet
 12863 | D:9      | Killed Joseph
 13082 | D:9      | Found a flagged portal.
 13089 | Bailey   | Entered a bailey
 13089 | Bailey   | Noticed lepiPlod666's ghost (novice VSCK)
 13095 | Bailey   | Offered knowledge of Dazzling Spray by Vehumet.
 13096 | Bailey   | Killed lepiPlod666's ghost
 13297 | Bailey   | Learned a level 2 spell: Sublimation of Blood
 13694 | Bailey   | Reached **** piety under Vehumet
 14193 | D:9      | Killed Gastronok
 14193 | D:9      | Offered knowledge of Inner Flame by Vehumet.
 14193 | D:9      | Reached skill level 10 in Spellcasting
 14193 | D:9      | Reached skill level 10 in Conjurations
 14193 | D:9      | Reached skill level 1 in Air Magic
 14193 | D:9      | Reached skill level 5 in Poison Magic
 14193 | D:9      | Reached XP level 12. HP: 62/106 MP: 4/26
 15137 | Lair:1   | Learned a level 6 spell: Poisonous Cloud
 15162 | Lair:1   | Identified the Catalogue of Confrontation
 15960 | Lair:1   | Reached skill level 1 in Necromancy
 16194 | Lair:3   | Reached skill level 1 in Charms
 16591 | Lair:3   | Noticed a five-headed hydra
 16593 | Lair:3   | Reached ***** piety under Vehumet
 16700 | Lair:3   | Noticed Nergalle
 17186 | Lair:3   | Killed Nergalle
 17446 | Lair:3   | Offered knowledge of Force Lance by Vehumet.
 17508 | Lair:3   | Killed a five-headed hydra
 17508 | Lair:3   | Gained mutation: You can use your snake-like lower body to constrict enemies. [Naga growth]
 17508 | Lair:3   | Reached XP level 13. HP: 87/115 MP: 18/27
 18044 | Lair:3   | Learned a level 5 spell: Fireball
 18049 | Lair:3   | Learned a level 4 spell: Force Lance
 18209 | Lair:3   | Noticed baghtru's ghost (journeyman HOFi)
 19337 | D:9      | Upgraded the game from 0.18.1-47-g9310371 to 0.18.1-48-g4cf74bf
 19370 | D:10     | Entered Level 10 of the Dungeon
 21226 | D:11     | Found a staircase to the Orcish Mines.
 21503 | D:11     | Reached ****** piety under Vehumet
 22031 | D:12     | Got a faintly humming robe
 22050 | D:12     | Identified the +3 robe of Rotation {rPois} (You found it on level 12 of the Dungeon)
 22574 | D:12     | Found a gateway to a bazaar.
 22581 | Bazaar   | Entered a bazaar
 22583 | Bazaar   | Found Myir's Assorted Antiques.
 22587 | Bazaar   | Found Entuwea's Armour Boutique.
 22587 | Bazaar   | Found Liuvutoh's Gadget Boutique.
 22587 | Bazaar   | Found Givilim's Armour Boutique.
 22605 | Bazaar   | Bought a crystal ball of energy for 200 gold pieces
 22640 | Bazaar   | Bought a gilded ring for 120 gold pieces
 23074 | D:12     | Got a translucent halberd {freeze}
 23112 | D:12     | Reached skill level 1 in Evocations
 23157 | D:12     | Identified the +9 halberd "Xiateh" {freeze, Str+3 Stlth+} (You took it off an orc warrior on level 12 of the Dungeon)
 24976 | Lair:4   | Reached skill level 5 in Fire Magic
 24998 | Lair:4   | Reached XP level 14. HP: 44/126 MP: 4/29
 25483 | Lair:4   | Found a staircase to the Shoals.
 25504 | Lair:4   | Learned a level 6 spell: Bolt of Fire
 25507 | Lair:4   | Got a scorched lapis lazuli ring
 25509 | Lair:4   | Identified the ring of Mafuezek {SustAt *Corrode rN++ Str+2 Int+2} (You found it on level 4 of the Lair of Beasts)
 25526 | Lair:4   | Reached skill level 5 in Air Magic
 26946 | Lair:5   | Got an ebony morningstar
 26961 | Lair:5   | Identified the cursed +3 morningstar "Nithym" {crush, rC+ Int+4 Dex-3 Stlth+} (You found it on level 5 of the Lair of Beasts)
 27097 | Lair:5   | Offered knowledge of Bolt of Magma by Vehumet.
 28717 | Lair:6   | Found a staircase to the Slime Pits.
 28909 | Lair:6   | Found a staircase to the Snake Pit.
 29011 | Lair:6   | Reached skill level 5 in Evocations
 29691 | Lair:7   | Found an ancient bone altar of Kikubaaqudgha.
 29716 | Lair:7   | Reached skill level 5 in Charms
 29892 | Lair:7   | Reached XP level 15. HP: 132/132 MP: 10/31
 29993 | Lair:7   | Offered knowledge of Ozocubu's Refrigeration by Vehumet.
 31073 | Orc:1    | Entered Level 1 of the Orcish Mines
 31703 | Orc:2    | Entered Level 2 of the Orcish Mines
 31703 | Orc:2    | Found a staircase to the Elven Halls.
 31732 | Orc:2    | Noticed Maud
 31960 | Orc:2    | Found Hytas's General Store.
 32371 | Orc:2    | Killed Maud
 32501 | Orc:2    | Offered knowledge of Orb of Destruction by Vehumet.
 32551 | Orc:2    | Bought a scroll of amnesia for 35 gold pieces
 32559 | Orc:2    | Learned a level 6 spell: Freezing Cloud
 33009 | Orc:2    | Found Qixiy's Weapon Shoppe.
 33009 | Orc:2    | Found Elinix's Gadget Shop.
 33011 | Orc:2    | Found Wogeg's Jewellery Shop.
 33011 | Orc:2    | Found Ozas's General Store.
 33396 | Elf:1    | Entered Level 1 of the Elven Halls
 34733 | Elf:1    | Reached XP level 16. HP: 140/140 MP: 20/32
 34800 | Elf:1    | Noticed Louise
 34807 | Elf:1    | Killed Louise
 35051 | Elf:1    | Offered knowledge of Iron Shot by Vehumet.
 35598 | Elf:1    | Reached skill level 1 in Ice Magic
 37447 | Elf:2    | Found a runed gate.
 37608 | Elf:2    | Found a runed gate.
 37608 | Elf:2    | Found a runed gate.
 39112 | Elf:2    | Reached XP level 17. HP: 24/146 MP: 16/34
 39254 | Elf:2    | Learned a level 4 spell: Airstrike
 40326 | Elf:2    | Demolished by a glaive of chopping

Skill      XL: |  1  2  3  4  5  6  7  8  9 10 11 12 13 14 15 16 17 |
---------------+----------------------------------------------------+-----
Spellcasting   | 4 5 6 7 9 10 11 12 13 | 13.8
Dodging        | 2 3 4 5 6 7 8 |  8.9
Conjurations   | 2 3 4 5 7 8 10 11 12 13 | 13.8
Stealth        | 4 5 7 8 |  8.5
Fighting       | 1 2 3 4 5 6 7 8 |  8.2
Poison Magic   | 2 5 6 7 |  7.0
Fire Magic     | 2 3 5 6 8 9 |  9.2
Air Magic      | 1 3 4 5 7 8 9 |  9.1
Translocations | 2 |  2.0
Necromancy     | 2 3 |  3.8
Charms         | 2 3 5 6 7 |  7.2
Evocations     | 1 5 7 8 9 |  9.2
Ice Magic      | 2 3 |  3.0
Shields        | |  0.5
Summonings     | |  1.0

Action                   |  1- 3 |  4- 6 |  7- 9 | 10-12 | 13-15 | 16-18 || total
-------------------------+-------+-------+-------+-------+-------+-------++-------
Melee: Dagger            |     2 |       |       |       |       |       ||     2
       Long sword        |     8 |     7 |    37 |    95 |    41 |       ||   188
       Quarterstaff      |       |       |    39 |       |       |       ||    39
       Halberd           |       |       |       |       |   128 |       ||   128
       Constrict         |       |       |       |       |    62 |     8 ||    70
       Scimitar          |       |       |       |       |     3 |       ||     3
       Morningstar       |       |       |       |       |   158 |    39 ||   197
 Cast: Magic Dart        |    80 |    92 |   315 |   402 |   327 |    13 ||  1229
       Mephitic Cloud    |       |     3 |    25 |    95 |     9 |       ||   132
       Conjure Flame     |       |       |    17 |    17 |    13 |       ||    47
       Blink             |       |       |     9 |    20 |    20 |     9 ||    58
       Shroud of Golubri |       |       |     1 |     8 |    12 |     3 ||    24
       Repel Missiles    |       |       |       |     2 |     4 |     4 ||    10
       Ignite Poison     |       |       |       |    39 |     4 |       ||    43
       Searing Ray       |       |       |       |    76 |   199 |    32 ||   307
       Teleport Other    |       |       |       |     7 |     5 |       ||    12
       Sublimation of Bl |       |       |       |     4 |     5 |     1 ||    10
       Poisonous Cloud   |       |       |       |    12 |     2 |       ||    14
       Fireball          |       |       |       |       |    79 |    16 ||    95
       Force Lance       |       |       |       |       |    26 |       ||    26
       Bolt of Fire      |       |       |       |       |   144 |   111 ||   255
       Freezing Cloud    |       |       |       |       |    18 |    33 ||    51
       Airstrike         |       |       |       |       |       |    22 ||    22
 Abil: Spit Poison       |    20 |    21 |    56 |    99 |    56 |    10 ||   262
Evoke: Wand              |       |       |       |     6 |     7 |       ||    13
       Crystal ball of e |       |       |       |       |    13 |    38 ||    51
  Use: Scroll            |       |     9 |     2 |     9 |    14 |     4 ||    38
       Potion            |       |     5 |       |     5 |     8 |     6 ||    24
 Stab: Confused          |       |       |     3 |     5 |     1 |       ||     9
       Distracted        |       |       |     1 |       |       |       ||     1
       Sleeping          |       |       |       |       |     6 |     1 ||     7
  Eat: Chunk             |     1 |     6 |    16 |    24 |    62 |     6 ||   115
       Fruit             |       |       |     1 |     2 |     2 |       ||     5
       Pizza             |       |       |       |     1 |     1 |       ||     2
       Beef jerky        |       |       |       |     2 |       |       ||     2
       Bread ration      |       |       |       |       |     1 |     3 ||     4
       Meat ration       |       |       |       |       |     1 |       ||     1
Armor: Robe              |     9 |    13 |    98 |   190 |   243 |    41 ||   594
Dodge: Dodged            |    30 |    16 |   121 |   299 |   404 |    83 ||   953
       Deflected         |       |       |       |     8 |    10 |    22 ||    40
